Workbook

Sheet matriz_riesgos_macroprocesos
G1: PERSONAS | J1: Riesgo Estratégico | O1: 1 | P1: RARO | Q1: El evento puede ocurrir solo en circunstancias excepcionales. | R1: No se ha presentado en los últimos 5 años | U1: 1 | V1: Insignificante | W1: Si el hecho llegara a presentarse, tendría consecuencias o efectos mínimos sobre la entidad | AN1: Confidencialidad de la información | AS1: Insignificante | AT1: Menor | AU1: Moderado | AV1: Mayor | AW1: Catastrófico
C2: DIRECCIONAMIENTO ESTRATÉGICO | E2: Objetivo Estratégico 1: Mejorar la capacidad en cantidad y calidad de la planta de profesores. | G2: MATERIALES | J2: Riesgo de imagen | O2: 2 | P2: IMPROBABLE | Q2: El evento puede ocurrir en algún momento | R2: Al menos de 1 vez en los últimos 5 años | U2: 2 | V2: Menor | W2: Si el hecho llegara a presentarse, tendría bajo impacto o efecto sobre la entidad | AN2: Credibilidad o imagen | AR2: RARO | AS2: B: Zona de riesgo baja: Asumir el riesgo | AT2: B: Zona de riesgo baja: Asumir el riesgo | AU2: M: Zona de riesgo moderado: Asumir el riesgo, Reducir el riesgo | AV2: A: Zona de riesgo alta: Reducir el riesgo, Evitar, compartir o transferir | AW2: A: Zona de riesgo alta: Reducir el riesgo, Evitar, compartir o transferir
C3: PLANEACIÓN ESTRATÉGICA | E3: Objetivo Estratégico 2: Acreditar con alta calidad de la educación los programas académicos y la institución. | G3: INSTALACIONES | J3: Riesgo operativo | O3: 3 | P3: POSIBLE | Q3: El evento podría ocurrir en algún momento | R3: Al menos de 1 vez en los últimos 2 años | U3: 3 | V3: Moderado | W3: Si el hecho llegara a presentarse, tendría medianas consecuencias o efectos sobre la entidad | AN3: Legal | AR3: IMPROBABLE | AS3: B: Zona de riesgo baja: Asumir el riesgo | AT3: B: Zona de riesgo baja: Asumir el riesgo | AU3: M: Zona de riesgo moderado: Asumir el riesgo, Reducir el riesgo | AV3: A: Zona de riesgo alta: Reducir el riesgo, Evitar, compartir o transferir | AW3: E: Zona de riesgo Extrema: Reducir el riesgo, evitar , compartir y transferir
C4: COMUNICACIÓN ESTRATÉGICA | E4: Objetivo Estratégico 3: Enfocar la investigación a las necesidades y potencialidades de la sociedad y la región. | G4: ENTORNO | J4: Riesgo financiero | O4: 4 | P4: PROBABLE | Q4: El evento probablemente ocurrirá en la mayoría de las circunstancias | R4: Al menos de 1 vez en el ultimo año | U4: 4 | V4: Mayor | W4: Si el hecho llegara a presentarse, tendría altas consecuencias o efectos sobre la entidad | AN4: Operativo | AR4: POSIBLE | AS4: B: Zona de riesgo baja: Asumir el riesgo | AT4: M: Zona de riesgo moderado: Asumir el riesgo, Reducir el riesgo | AU4: A: Zona de riesgo alta: Reducir el riesgo, Evitar, compartir o transferir | AV4: E: Zona de riesgo Extrema: Reducir el riesgo, evitar , compartir y transferir | AW4: E: Zona de riesgo Extrema: Reducir el riesgo, evitar , compartir y transferir
C5: DOCENCIA | E5: Objetivo Estratégico 4: Formar y capacitar el recurso humano con énfasis en la investigación. | G5: OTROS | J5: Riesgo de cumplimiento | O5: 5 | P5: CASI SEGURO | Q5: Se espera que el evento ocurra en la mayoría de las circunstancias | R5: Mas de 1 vez al año | U5: 5 | V5: Catastrófico | W5: Si el hecho llegara a presentarse, tendría desastrosas consecuencias o efectos sobre la entidad . | AR5: PROBABLE | AS5: M: Zona de riesgo moderado: Asumir el riesgo, Reducir el riesgo | AT5: A: Zona de riesgo alta: Reducir el riesgo, Evitar, compartir o transferir | AU5: A: Zona de riesgo alta: Reducir el riesgo, Evitar, compartir o transferir | AV5: E: Zona de riesgo Extrema: Reducir el riesgo, evitar , compartir y transferir | AW5: E: Zona de riesgo Extrema: Reducir el riesgo, evitar , compartir y transferir
C6: INVESTIGACIÓN | E6: Objetivo Estratégico 5: Satisfacer las necesidades y expectativas de la sociedad a través de la identificación de sus necesidades, requisitos y construcción de soluciones que aporten al desarrollo de la región. | J6: Riesgo de Tecnología | AR6: CASI SEGURO | AS6: A: Zona de riesgo alta: Reducir el riesgo, Evitar, compartir o transferir | AT6: A: Zona de riesgo alta: Reducir el riesgo, Evitar, compartir o transferir | AU6: E: Zona de riesgo Extrema: Reducir el riesgo, evitar , compartir y transferir | AV6: E: Zona de riesgo Extrema: Reducir el riesgo, evitar , compartir y transferir | AW6: E: Zona de riesgo Extrema: Reducir el riesgo, evitar , compartir y transferir
C7: PROYECCIÓN SOCIAL | E7: Objetivo Estratégico 6: Comunicar eficientemente los logros institucionales y mejorar el posicionamiento de la Universidad. | V7: Confidencialidad de la información | W7: 1 | Y7: Personal
C8: ADMINISTRACIÓN DEL CAMPUS | E8: Objetivo Estratégico 7: Intercambiar servicios y productos académicos a nivel internacional. | W8: 2 | Y8: Grupo de trabajo
C9: GESTIÓN HUMANA | E9: Objetivo Estratégico 8: Mejorar la retención de estudiantes y la cobertura de servicios de bienestar institucional. | W9: 3 | Y9: Relativa al proceso | AC9: Posee una herramienta para ejercer el control | AD9: 15 | AN9: Entre 0 - 50 | AO9: 0 | AQ9: 0
C10: GESTION APOYO ACADÉMICO | E10: Objetivo Estratégico 9: Mejorar el desempeño institucional a través de la gestión eficaz, eficiente y efectiva de los procesos internos para alcanzar la acreditación institucional. | W10: 4 | Y10: Institucional | AC10: Existen manuales , instructivos o procedimientos para el manejo de la herramienta | AD10: 15 | AN10: Entre 51 - 75 | AO10: 1 | AQ10: 1
C11: GESTIÓN FINANCIERA | E11: Objetivo Estratégico 10: Incrementar la disponibilidad de recursos tecnológicos para el cumplimiento de los procesos misionales y de apoyo. | W11: 5 | Y11: Estratégica | AC11: En el tiempo que lleva la herramienta ha demostrado ser efectivo | AD11: 30 | AN11: Entre 76 - 100 | AO11: 2 | AQ11: 2
C12: GESTIÓN DE BIENESTAR INSTITUCIONAL | E12: Objetivo Estratégico 11: Mejorar la calidad de los espacios físicos y optimizar su funcionamiento. | V12: Credibilidad o imagen | W12: 1 | Y12: Grupo de Funcionarios | AC12: Están definidos los responsables de la ejecución del control y del seguimiento | AD12: 15
C13: GESTIÓN BIBLIOTECA | E13: Objetivo Estratégico 12: Dotar a la Institución de los equipos y elementos necesarios para el cumplimiento de su misión. | W13: 2 | Y13: Todos los Funcionarios | AC13: la frecuencia de ejecución del control y seguimiento es adecuada | AD13: 25
C14: GESTIÓN RECURSOS ACADÉMICOS | T14: INACEPTABLE E INTOLERABLE | W14: 3 | Y14: Usuarios Ciudad
C15: GESTIÓN DOCUMENTAL | N15: INHERENTE | T15: NO | W15: 4 | Y15: Usuarios Región | AD15: 0 | AE15: 0 | AF15: 0 | AG15: 0 | AH15: 0
C16: GESTIÓN JURÍDICA | N16: CORRUPCION | W16: 5 | Y16: Usuarios País | AD16: 15 | AE16: 15 | AF16: 30 | AG16: 15 | AH16: 25
C17: CONTROL INTERNO | V17: Impacto legal | W17: 1 | Y17: Multas
C18: GESTION TICS | W18: 2 | Y18: Demandas
W19: 3 | Y19: Investigación Disciplinaria
W20: 4 | Y20: Investigación Fiscal
W21: 5 | Y21: Intervención - Sanción
V22: Impacto operativo | W22: 1 | Y22: Ajustes a una actividad concreta
W23: 2 | Y23: Cambios en procedimientos
W24: 3 | Y24: Cambios en la interacción de los procesos
W25: 4 | Y25: Intermitencia en el servicio
W26: 5 | Y26: Paro total del proceso
C34: E.GC-F.02 | H34: Versión: 02 | K34: Fecha: 2015/20/01
B36: IDENTIFICACIÓN DEL RIESGO | O36: ANÁLISIS DEL RIESGO | Z36: VALORACIÓN DEL RIESGO | BE36: POLÍTICAS DE ADMINISTRACIÓN DE RIESGOS
O37: CALIFICACIÓN DE LA PROBABILIDAD | S37: CALIFICACION DEL IMPACTO | Z37: EVALUACION DE LOS CONTROLES EXISTENTES | AS37: NUEVA CALIFICACION
B38: N° | C38: FECHA DE IDENTIFICACIÓN (dd/mm/aaaa) | D38: FECHA DE EVALUACION (dd/mm/aaaa) | E38: MACROPROCESO | F38: OBJETIVO DEL MACROPROCESO U OBJETIVO INSTITUCIONAL AFECTADO | G38: PARTICIPANTES DE LA IDENTIFICACIÓN | H38: CAUSAS | I38: AGENTE GENERADOR | J38: RIESGO | K38: CATEGORIA O CLASE DE RIESGO | L38: DESCRIPCIÓN | M38: EFECTOS (CONSECUENCIAS POTENCIALES ) | N38: TIPO DE RIESGO | O38: NIVEL | P38: DESCRIPTOR | Q38: DESCRIPCION | R38: FRECUENCIA | S38: NIVEL | T38: DESCRIPTOR | U38: DESCRIPCION | W38: TIPO DE IMPACTO | X38: CLADIFICACION DEL IMPACTO RIESGOS DE CORRUPCION | Y38: CLASIFICACION DEL IMPACTO (ir a la tabla Tipo_impacto ). | Z38: CALIFICACION DEL RIESGO (SEMAFORIZACION) | AA38: columna 4 | AB38: Columna 5 | AC38: ACCIONES | AD38: CRITERIOS DE EVALUACIÓN DE LOS CONTROLES | AO38: RANGO DE CALIFICACION DE LOS CONTROLES EN PROBABILIDAD | AP38: RANGO DE CALIFICACION DE LOS CONTROLES EN IMPACTO | AQ38: CUADRANTES EN DISMINUIR EN LA PROBABILIDAD | AR38: CUADRANTES A DISMINUIR EN EL IMPACTO | AS38: NIVEL | AT38: DESCRIPTOR | AU38: DESCRIPCION | AV38: FRECUENCIA | AW38: NIVEL | AX38: DESCRIPTOR | AY38: DESCRIPCION | BC38: NUEVA CALIFICACION DEL RIESGO | BD38: ANALISIS DEL RIESGOS RESIDUAL DESPUES DE APLICAR CONTROLES | BE38: ACCIONES PREVENTIVAS (CONTROLES) | BG38: PRESUPUESTO | BI38: RESPONSABLE | BK38: CRONOGRAMA | BM38: SEGUIMIENTOS
B39: 1 | C39: 41341 | D39: 42858 | E39: GESTIÓN FINANCIERA | F39: Objetivo Estratégico 9: Mejorar el desempeño institucional a través de la gestión eficaz, eficiente y efectiva de los procesos internos para alcanzar la acreditación institucional. | G39: Profesional especializado área Financiera (Líder del macroproceso) Profesional especializado Contador Técnico Operativo Contable Equipo SIG | H39: Inclusión de gastos no autorizados. Inversiones de dinero público en entidades de dudosa solidez financiera, a cambio de beneficios indebidos para servidores públicos encargados de su administración. Inexistencia de registros auxiliares que permitan identificar y controlar los rubros de inversión. Archivos contables con vacíos de información. Afectar rubros que no corresponden con objeto del gasto en beneficio propio o a cambio de una retribución económica | I39: PERSONAS | J39: Movimientos financieros | K39: Riesgo financiero | L39: Debido a la acción u omisión, mediante el uso indebido de poder, de los recursos o de la información, puede ocurrir un riesgo de movimientos financiera de corrupción lo que ocasionaría lesiones en los intereses de la entidad y en consecuencia del estado, para obtener un beneficio en particular esto ocasionaría , mala imagen , perdida de credibilidad y sanciones | M39: Pérdida de oportunidades de mercado Mala imagen institucional sanciones multas Perdida de credibilidad Sanciones | N39: CORRUPCION | O39: 1 | P39: =VLOOKUP(O39,$O$1:$P$5,2,FALSE) -> RARO | Q39: =VLOOKUP(P39,$P$1:$Q$5,2,FALSE) -> El evento puede ocurrir solo en circunstancias excepcionales. | R39: =VLOOKUP(Q39,$Q$1:$R$5,2,FALSE) -> No se ha presentado en los últimos 5 años | S39: 4 | T39: =VLOOKUP(S39,$U$1:$V$5,2,FALSE) -> Mayor | U39: =VLOOKUP(T39,$V$1:$W$5,2,FALSE) -> Si el hecho llegara a presentarse, tendría altas consecuencias o efectos sobre la entidad | W39: Legal | X39: INACEPTABLE E INTOLERABLE | Y39: 5 | Z39: =INDEX($AS$2:$AW$6,AA40,AB40) -> A: Zona de riesgo alta: Reducir el riesgo, Evitar, compartir o transferir | AC39: PREVENTIVOS | AD39: PROBABILIDAD ( califique los criterios que le aplican ) | AN39: TOTAL PROBABILIDAD | AO39: Entre 76 - 100 | AP39: Entre 76 - 100 | AQ39: =VLOOKUP(AO39,$AN$9:$AO$11,2,FALSE) -> 2 | AR39: =VLOOKUP(AP39,$AN$9:$AO$11,2,FALSE) -> 2 | AS39: =O39-AQ39 -> -1 | AT39: =VLOOKUP(AS39,$O$1:$P$5,2,FALSE) -> #N/A | AU39: =VLOOKUP(AT39,$P$1:$Q$5,2,FALSE) -> #N/A | AV39: =VLOOKUP(AU39,$Q$1:$R$5,2,FALSE) -> #N/A | AW39: =S39-AR39 -> 2 | AX39: =VLOOKUP(AW39,$U$1:$V$5,2,FALSE) -> Menor | AY39: =VLOOKUP(AX39,$V$1:$W$5,2,FALSE) -> Si el hecho llegara a presentarse, tendría bajo impacto o efecto sobre la entidad | BC39: =INDEX($AS$2:$AW$6,BA40,BB40) -> #N/A | BD39: Se puede determinar que con los controles existentes en la institución y según su valoración se disminuyen en la frecuencia de ocurrencia y en el impacto por consiguiente dan como resultado riesgos que en el momento no se materializan y que se controlan de manera efectiva. Nota: N/A significa que en la disminución de la calificación se sale de la matriz de calificación no alcanza un nivel medible. | BE39: 1. Fomentar la Cultura del autocontrol y seguimiento entre los supervisores, interventores y responsables de proyectos. (Correos electrónicos). 2. Socializar y capacitar a los Supervisores frente a la responsabilidad que se le asigne. | BG39: N.A | BI39: Clara Inés Aristizabal Roa Daniel Hernández María Cristina Posso Echeverri Juan Carlos Duque Ortiz. Gloria Patricia Villa Monttoya. | BK39: 1. Permanente 2. Permanente 3. Anual | BM39: 1 | BN39: 2 | BO39: 3 | BP39: 4
AA40: =MATCH(P39,$AR$2:$AR$6,0) -> 1 | AB40: =MATCH(T39,$AS$1:$AW$1,0) -> 4 | AC40: Logins de perfiles de usuario para acceder a los diferentes módulos y programas del aplicativo SEVEN Articulación del Comité de inversiones | AD40: Posee una herramienta para ejercer el control | AE40: 15 | AF40: Existen manuales, instructivos o procedimientos para el manejo de la herramienta | AG40: 15 | AH40: En el tiempo que lleva la herramienta ha demostrado ser efectiva. | AI40: 30 | AJ40: Están definidos los responsables de la ejecución del control y del seguimiento | AK40: 15 | AL40: La frecuencia de ejecución del control y seguimiento es adecuada. | AM40: 25 | AN40: =AE40+AG40+AI40+AK40+AM40 -> 100 | BA40: =MATCH(AT39,$AR$2:$AR$6,0) -> #N/A | BB40: =MATCH(AX39,$AS$1:$AW$1,0) -> 2 | BM40: 1. Se entregó informe de seguimiento y ejecuión presupuestal al Consejo Superior con corte a Marzo 31 de 2017. 1. Se elaboró informe de seguimiento a rubros presupuestales a cargo de las Facultades. 2. Desde el área de Compras y suministros se notifica a supervisores informando de sus responsabilidades frente a la ejecución del contrato para el cual ha sido elegido para hacer la supervisión. Actividades relacionadas con aspectos técnicos, presupuetales, jurídicos, administrativos y financieros. 3. Actividad que se adelantará una vez sea aprobado el nuevo manual de contratación.
AC41: CORRECTIVOS | AD41: IMPACTO ( califique los criterios que le aplican ) | AN41: TOTAL IMPACTO
AC42: Generación de reportes oportunos que permitan la identificación de registros equivocados. | AD42: Posee una herramienta para ejercer el control | AE42: 15 | AF42: Existen manuales, instructivos o procedimientos para el manejo de la herramienta | AG42: 15 | AH42: En el tiempo que lleva la herramienta ha demostrado ser efectiva. | AI42: 30 | AJ42: Están definidos los responsables de la ejecución del control y del seguimiento | AK42: 15 | AL42: La frecuencia de ejecución del control y seguimiento es adecuada. | AM42: 25 | AN42: =AE42+AG42+AI42+AK42+AM42 -> 100 | BM42: SEGUIMIENTOS
B43: 2 | C43: 41341 | D43: 42858 | E43: GESTIÓN FINANCIERA | F43: Objetivo Estratégico 9: Mejorar el desempeño institucional a través de la gestión eficaz, eficiente y efectiva de los procesos internos para alcanzar la acreditación institucional. | G43: Profesional especializado área Financiera (Líder del macroproceso) Profesional Líder proceso de contratación. Equipo SIG | H43: Estudios previos o de factibilidad superficiales y/o realizados, sobre estudios de mercados no actualizados. Estudios previos o de factibilidad manipulados por el personal interesado en el futuro proceso de contratación. Pliego de condiciones hechos a la medida de una forma en particular. Disposiciones establecida en los pliegos de condiciones que permiten a los particulares direccionar los procesos hacia un grupo en particular, a la medida geométrica. Adendas que cambian condiciones generales del proceso para favorecer a grupos determinados. Urgencia manifiesta inexistente. Designar supervisores que no cuentan con competencias suficientes para desempeñar la función. Concentrar las labores de supervisión de múltiples contratos en poco personal. Designar la función de elaboración de estudios previos y supervisión en un mismo funcionario. Divulgación de la información en el tiempo adecuado. | I43: PERSONAS | J43: contratación | K43: Riesgo financiero | L43: Debido a la acción u omisión, mediante el uso indebido de poder, de los recursos o de la información, puede ocurrir un riesgo de corrupción lo que ocasionaría lesiones en los intereses de una entidad y en consecuencia del estado, para obtener un beneficio en particular esto ocasionaría , mala imagen , perdida de credibilidad y sanciones | M43: Mala imagen institucional Pérdida de credibilidad Sanciones Multas Demandas | N43: CORRUPCION | O43: 1 | P43: =VLOOKUP(O43,$O$1:$P$5,2,FALSE) -> RARO | Q43: =VLOOKUP(P43,$P$1:$Q$5,2,FALSE) -> El evento puede ocurrir solo en circunstancias excepcionales. | R43: =VLOOKUP(Q43,$Q$1:$R$5,2,FALSE) -> No se ha presentado en los últimos 5 años | S43: 4 | T43: =VLOOKUP(S43,$U$1:$V$5,2,FALSE) -> Mayor | U43: =VLOOKUP(T43,$V$1:$W$5,2,FALSE) -> Si el hecho llegara a presentarse, tendría altas consecuencias o efectos sobre la entidad | W43: Legal | X43: INACEPTABLE E INTOLERABLE | Y43: 5 | Z43: =INDEX($AS$2:$AW$6,AA44,AB44) -> A: Zona de riesgo alta: Reducir el riesgo, Evitar, compartir o transferir | AC43: PREVENTIVOS | AD43: PROBABILIDAD ( califique los criterios que le aplican ) | AN43: TOTAL PROBABILIDAD | AO43: Entre 76 - 100 | AP43: Entre 0 - 50 | AQ43: =VLOOKUP(AO43,$AN$9:$AO$11,2,FALSE) -> 2 | AR43: =VLOOKUP(AP43,$AN$9:$AO$11,2,FALSE) -> 0 | AS43: =O43-AQ43 -> -1 | AT43: =VLOOKUP(AS43,$O$1:$P$5,2,FALSE) -> #N/A | AU43: =VLOOKUP(AT43,$P$1:$Q$5,2,FALSE) -> #N/A | AV43: =VLOOKUP(AU43,$Q$1:$R$5,2,FALSE) -> #N/A | AW43: =S43-AR43 -> 4 | AX43: =VLOOKUP(AW43,$U$1:$V$5,2,FALSE) -> Mayor | AY43: =VLOOKUP(AX43,$V$1:$W$5,2,FALSE) -> Si el hecho llegara a presentarse, tendría altas consecuencias o efectos sobre la entidad | BC43: =INDEX($AS$2:$AW$6,BA44,BB44) -> #N/A | BD43: Se puede determinar que con los controles existentes en la institución y según su valoración se disminuyen en la frecuencia de ocurrencia y en el impacto por consiguiente dan como resultado riesgos que en el momento no se materializan y que se controlan de manera efectiva. Nota: N/A significa que en la disminución de la calificación se sale de la matriz de calificación no alcanza un nivel medible. | BE43: 1. Solicitar Socialización del nuevo manual de contratación. 2. Capacitación de la ley 734 de 2002 en armonia con la ley 1474 de 2011 ( Estatuto Anticorrupción). | BG43: N.A | BI43: Gloria Patricia Villa Montoya. Acompañamiento de la Oficina Asesora Jurídica. Oficina de Control de Asuntos disciplinarios | BK43: Segundo semestre del 2017 1 cada semestre | BM43: 1 | BN43: 2 | BO43: 3 | BP43: 4
AA44: =MATCH(P43,$AR$2:$AR$6,0) -> 1 | AB44: =MATCH(T43,$AS$1:$AW$1,0) -> 4 | AC44: Manual de contratación de la Institución. Información en línea ERP Seven. Formatos soportes para el proceso de contratación. Publicación en la web de los diferentes tipos de contratación ( transparencia). | AD44: Posee una herramienta para ejercer el control | AE44: 15 | AF44: Existen manuales, instructivos o procedimientos para el manejo de la herramienta | AG44: 15 | AH44: En el tiempo que lleva la herramienta ha demostrado ser efectiva. | AI44: 30 | AJ44: Están definidos los responsables de la ejecución del control y del seguimiento | AK44: 15 | AL44: La frecuencia de ejecución del control y seguimiento es adecuada. | AM44: 25 | AN44: =AE44+AG44+AI44+AK44+AM44 -> 100 | BA44: =MATCH(AT43,$AR$2:$AR$6,0) -> #N/A | BB44: =MATCH(AX43,$AS$1:$AW$1,0) -> 4 | BM44: 1. Después de aprobado el nuevo manual de contratación y una vez se retomen las actividades academico adminstrativas del segundo semestre de 2017se programará la capacitación referida, con el apoyo de la oficina asesora jurídica. 2. Se han realizado capacitaciones en temas del régimen disciplinario, capacitación estudiantes, inhabilidades, incompatibilidades y prohibiciones del servidor público. Acciones de repetición. Se realizó impresión del boletín disciplinario, el cual fue entregado en las porterías de la institución. Inducción nuevo Código de Policía. Instrucciones calidad del servicio, contrato de vigilancia y seguridad (Febrero 13 de 2017), se realizo de manera masiva en el auditorio del bloque de Ciencias Básicas . Por otra parte se realiza acciones Preventivas enviando memorando generales y actualización de temas en la página web.
AC45: CORRECTIVOS | AD45: IMPACTO ( califique los criterios que le aplican ) | AN45: TOTAL IMPACTO
AC46: Dar traslado a la autoridad competente para determinar la gravedad de la conducta. | AD46: Posee una herramienta para ejercer el control | AE46: 15 | AF46: Existen manuales, instructivos o procedimientos para el manejo de la herramienta | AG46: 15 | AH46: En el tiempo que lleva la herramienta ha demostrado ser efectiva. | AI46: 0 | AJ46: Están definidos los responsables de la ejecución del control y del seguimiento | AK46: 15 | AL46: La frecuencia de ejecución del control y seguimiento es adecuada. | AM46: 0 | AN46: =AE46+AG46+AI46+AK46+AM46 -> 45 | BM46: SEGUIMIENTOS
B47: 3 | C47: 41341 | D47: 42858 | E47: TODOS LOS PROCESOS | F47: Objetivo Estratégico 9: Mejorar el desempeño institucional a través de la gestión eficaz, eficiente y efectiva de los procesos internos para alcanzar la acreditación institucional. | G47: Profesional especializado área gestión Documental (Líder del macroproceso) Profesional Personal de apoyo Técnico operativo . Equipo SIG Profesional y líder del proceso de Control de asuntos disciplinarios | H47: Concentración de información de determinadas actividades o procesos en una persona. Sistemas de información susceptibles de manipulación o adulteración. Ocultar a la ciudadanía la información considerada publica. Deficiencias en el manejo documental y de archivo. Desconocimiento de la información de reserva. Custodia y cuidado de documentación Información concentrada en cada equipo asignado al funcionario Falta de un sistema para guardar la información de una manera optima y confiable. | I47: PERSONAS | J47: Manejo de información | K47: Riesgo financiero | L47: Debido a la acción u omisión, mediante el uso indebido de poder, de los recursos o de la información, puede ocurrir un riesgo de corrupción lo que ocasionaría lesiones en los intereses de una entidad y en consecuencia del estado, para obtener un beneficio en particular esto ocasionaría , mala imagen , pérdida de credibilidad y sanciones | M47: Mala imagen institucional Pérdida de credibilidad Sanciones Multas | N47: CORRUPCION | O47: 2 | P47: =VLOOKUP(O47,$O$1:$P$5,2,FALSE) -> IMPROBABLE | Q47: =VLOOKUP(P47,$P$1:$Q$5,2,FALSE) -> El evento puede ocurrir en algún momento | R47: =VLOOKUP(Q47,$Q$1:$R$5,2,FALSE) -> Al menos de 1 vez en los últimos 5 años | S47: 4 | T47: =VLOOKUP(S47,$U$1:$V$5,2,FALSE) -> Mayor | U47: =VLOOKUP(T47,$V$1:$W$5,2,FALSE) -> Si el hecho llegara a presentarse, tendría altas consecuencias o efectos sobre la entidad | W47: Legal | X47: INACEPTABLE E INTOLERABLE | Y47: 5 | Z47: =INDEX($AS$2:$AW$6,AA48,AB48) -> A: Zona de riesgo alta: Reducir el riesgo, Evitar, compartir o transferir | AC47: PREVENTIVOS | AD47: PROBABILIDAD ( califique los criterios que le aplican ) | AN47: TOTAL PROBABILIDAD | AO47: Entre 76 - 100 | AP47: Entre 0 - 50 | AQ47: =VLOOKUP(AO47,$AN$9:$AO$11,2,FALSE) -> 2 | AR47: =VLOOKUP(AP47,$AN$9:$AO$11,2,FALSE) -> 0 | AS47: =O47-AQ47 -> 0 | AT47: =VLOOKUP(AS47,$O$1:$P$5,2,FALSE) -> #N/A | AU47: =VLOOKUP(AT47,$P$1:$Q$5,2,FALSE) -> #N/A | AV47: =VLOOKUP(AU47,$Q$1:$R$5,2,FALSE) -> #N/A | AW47: =S47-AR47 -> 4 | AX47: =VLOOKUP(AW47,$U$1:$V$5,2,FALSE) -> Mayor | AY47: =VLOOKUP(AX47,$V$1:$W$5,2,FALSE) -> Si el hecho llegara a presentarse, tendría altas consecuencias o efectos sobre la entidad | BC47: =INDEX($AS$2:$AW$6,BA48,BB48) -> #N/A | BD47: Se puede determinar que con los controles existentes en la institución y según su valoración se disminuyen en la frecuencia de ocurrencia y en el impacto por consiguiente dan como resultado riesgos que en el momento no se materializan y que se controlan de manera efectiva. Nota: N/A significa que en la disminución de la calificación se sale de la matriz de calificación no alcanza un nivel medible. | BE47: 1. Socializar la política de información confidencial. 2. Gestionar e implementar sistema de seguridad para el archivo histórico. 3. Solicitar al centro de sistemas el levantamiento del software para manejo de documentación en el proceso de asuntos disciplinarios. 4. Solicitar al proceso de planeación física espacio para la implementación del sistema oral en materia disciplinaria. | BG47: N.A | BI47: 1. y 2. Líder macroproceso Gestión Documental Oficina de Control de asuntos disciplinarios | BK47: 1. julio - diciembre 2017 3.Trimestral 4.primer semestre del 2017 | BM47: 1 | BN47: 2 | BO47: 3 | BP47: 4
AA48: =MATCH(P47,$AR$2:$AR$6,0) -> 2 | AB48: =MATCH(T47,$AS$1:$AW$1,0) -> 4 | AC48: Políticas de información confidencial. Roles de usuarios para manejo de información. Todo documento en sobre cerrado dirigido a la oficina de asuntos disciplinarios no se abrirán en el proceso de Gestión Documental | AD48: Posee una herramienta para ejercer el control | AE48: 15 | AF48: Existen manuales, instructivos o procedimientos para el manejo de la herramienta | AG48: 15 | AH48: En el tiempo que lleva la herramienta ha demostrado ser efectiva. | AI48: 30 | AJ48: Están definidos los responsables de la ejecución del control y del seguimiento | AK48: 15 | AL48: La frecuencia de ejecución del control y seguimiento es adecuada. | AM48: 25 | AN48: =AE48+AG48+AI48+AK48+AM48 -> 100 | BA48: =MATCH(AT47,$AR$2:$AR$6,0) -> #N/A | BB48: =MATCH(AX47,$AS$1:$AW$1,0) -> 4 | BM48: Seguimientos 1 y 2 de 2017: 1. Registros de asistencia y presentación a once (11) dependencias de marzo a junio de 2017, sobre producción documental que incluye norma interna y aspectos importantes sobre la "confidencialidad". 2. Puerta de seguridad instalada, para protección y seguridad del archivo histórico.
AC49: CORRECTIVOS | AD49: IMPACTO ( califique los criterios que le aplican ) | AN49: TOTAL IMPACTO
AC50: Ordenar la reconstrucción de los documentos | AD50: Posee una herramienta para ejercer el control | AE50: 15 | AF50: Existen manuales, instructivos o procedimientos para el manejo de la herramienta | AG50: 15 | AH50: En el tiempo que lleva la herramienta ha demostrado ser efectiva. | AI50: 0 | AJ50: Están definidos los responsables de la ejecución del control y del seguimiento | AK50: 15 | AL50: La frecuencia de ejecución del control y seguimiento es adecuada. | AM50: 0 | AN50: =AE50+AG50+AI50+AK50+AM50 -> 45 | BM50: SEGUIMIENTOS
B51: 4 | D51: 42858 | E51: TODOS LOS PROCESOS | F51: Objetivo Estratégico 11: Mejorar la calidad de los espacios físicos y optimizar su funcionamiento. | G51: líder macroprocesos Profesionales especializados Técnicos Operativos Proceso de control de asuntos disciplinarios | H51: Bajo nivel de seguridad para el acceso a la información. Desconocimiento de las políticas de manejo de información. Actos mal intencionados de terceros. Acceso no autorizado a información. Fraude interno | I51: PERSONAS | J51: Uso indebido de la información | K51: Riesgo operativo | L51: Posibilidad de que se acceda, manipule y/o divulgue sin autorización la información privilegiada o de reserva que se origine, suministre o custodie en los sistemas de información | M51: Mala imagen. Toma de decisiones inadecuadas Pérdida de credibilidad Pérdidas económicas Sanciones Investigaciones disciplinarias Divulgación de información confidencial | N51: CORRUPCION | O51: 2 | P51: =VLOOKUP(O51,$O$1:$P$5,2,FALSE) -> IMPROBABLE | Q51: =VLOOKUP(P51,$P$1:$Q$5,2,FALSE) -> El evento puede ocurrir en algún momento | R51: =VLOOKUP(Q51,$Q$1:$R$5,2,FALSE) -> Al menos de 1 vez en los últimos 5 años | S51: 5 | T51: =VLOOKUP(S51,$U$1:$V$5,2,FALSE) -> Catastrófico | U51: =VLOOKUP(T51,$V$1:$W$5,2,FALSE) -> Si el hecho llegara a presentarse, tendría desastrosas consecuencias o efectos sobre la entidad . | W51: Legal | X51: INACEPTABLE E INTOLERABLE | Y51: 3 | Z51: =INDEX($AS$2:$AW$6,AA52,AB52) -> E: Zona de riesgo Extrema: Reducir el riesgo, evitar , compartir y transferir | AC51: PREVENTIVOS | AD51: PROBABILIDAD ( califique los criterios que le aplican ) | AN51: TOTAL PROBABILIDAD | AO51: Entre 76 - 100 | AP51: Entre 0 - 50 | AQ51: =VLOOKUP(AO51,$AN$9:$AO$11,2,FALSE) -> 2 | AR51: =VLOOKUP(AP51,$AN$9:$AO$11,2,FALSE) -> 0 | AS51: =O51-AQ51 -> 0 | AT51: =VLOOKUP(AS51,$O$1:$P$5,2,FALSE) -> #N/A | AU51: =VLOOKUP(AT51,$P$1:$Q$5,2,FALSE) -> #N/A | AV51: =VLOOKUP(AU51,$Q$1:$R$5,2,FALSE) -> #N/A | AW51: =S51-AR51 -> 5 | AX51: =VLOOKUP(AW51,$U$1:$V$5,2,FALSE) -> Catastrófico | AY51: =VLOOKUP(AX51,$V$1:$W$5,2,FALSE) -> Si el hecho llegara a presentarse, tendría desastrosas consecuencias o efectos sobre la entidad . | BC51: =INDEX($AS$2:$AW$6,BA52,BB52) -> #N/A | BD51: Se puede determinar que con los controles existentes en la institución y según su valoración se disminuyen en la frecuencia de ocurrencia y en el impacto por consiguiente dan como resultado riesgos que en el momento no se materializan y que se controlan de manera efectiva. Nota: N/A significa que en la disminución de la calificación se sale de la matriz de calificación no alcanza un nivel medible. | BE51: 1. Solicitar el estudio de implementación al Centro de sistemas de un servidor para uso del proceso de Control de asuntos disciplinarios 2. Implementar la entrega de informes en el proceso de empalme de funcionarios públicos , por otra parte solicitar al proceso de gestión humana informes de los funcionarios para empalme. | BG51: N.A | BI51: Líder proceso de asuntos Disciplinarios Profesionales y líder del proceso de control de asuntos disciplinarios. | BK51: Permanente Primer semestre del 2017 Primer semestre de 2017 | BM51: 1 | BN51: 2 | BO51: 3 | BP51: 4
AA52: =MATCH(P51,$AR$2:$AR$6,0) -> 2 | AB52: =MATCH(T51,$AS$1:$AW$1,0) -> 5 | AC52: Especificación adecuada de los roles de los usuarios en el sistema. Control de ingreso a los sistemas de información administrados por el proceso con cuentas de usuario. Control del directorio activo. Sistemas de control perimetral de red. Control en el acceso físico al centro de datos. | AD52: Posee una herramienta para ejercer el control | AE52: 15 | AF52: Existen manuales, instructivos o procedimientos para el manejo de la herramienta | AG52: 15 | AH52: En el tiempo que lleva la herramienta ha demostrado ser efectiva. | AI52: 30 | AJ52: Están definidos los responsables de la ejecución del control y del seguimiento | AK52: 15 | AL52: La frecuencia de ejecución del control y seguimiento es adecuada. | AM52: 25 | AN52: =AE52+AG52+AI52+AK52+AM52 -> 100 | BA52: =MATCH(AT51,$AR$2:$AR$6,0) -> #N/A | BB52: =MATCH(AX51,$AS$1:$AW$1,0) -> 5 | BM52: Se realiza reunión con el proceso de gestión TICS. en la cual se firma el acta para el uso e implementación de un sistema de seguridad y de consulta de los procesos disciplinarios. Se está a la espera de respuesta. Por otra parte se puede observar en la página la acción preventiva realizada por el Procuradorpara la descentralización y las entidades territoriales de los Procesos de Empalme
AC53: CORRECTIVOS | AD53: IMPACTO ( califique los criterios que le aplican ) | AN53: TOTAL IMPACTO
AD54: Posee una herramienta para ejercer el control | AE54: 0 | AF54: Existen manuales, instructivos o procedimientos para el manejo de la herramienta | AG54: 0 | AH54: En el tiempo que lleva la herramienta ha demostrado ser efectiva. | AI54: 0 | AJ54: Están definidos los responsables de la ejecución del control y del seguimiento | AK54: 0 | AL54: La frecuencia de ejecución del control y seguimiento es adecuada. | AM54: 0 | AN54: =AE54+AG54+AI54+AK54+AM54 -> 0 | BM54: SEGUIMIENTOS
B55: 5 | C55: 40680 | D55: 42858 | E55: TODOS LOS PROCESOS | F55: Objetivo Estratégico 9: Mejorar el desempeño institucional a través de la gestión eficaz, eficiente y efectiva de los procesos internos para alcanzar la acreditación institucional. | G55: Profesional Especializado Gestión Documental Equipo SIG. Jefe Oficina Planeación y Desarrollo Proceso de control de asuntos disciplinarios | H55: Incumplimiento de la directriz sobre asuntos de confidencialidad institucional Falta de ética de los funcionarios Incumplimiento a la ley con respecto al manejo de la información | I55: PERSONAS | J55: Filtración de información confidencial | K55: Riesgo Estratégico | L55: Debido a Incumplimiento de la directriz sobre asuntos de confidencialidad institucional y la falta de ética de los funcionarios puede ocurrir un riesgo de filtración de información confidencial lo que ocasionaría mala imagen institucional y sanciones. | M55: Mala imagen institucional Sanciones | N55: CORRUPCION | O55: 2 | P55: =VLOOKUP(O55,$O$1:$P$5,2,FALSE) -> IMPROBABLE | Q55: =VLOOKUP(P55,$P$1:$Q$5,2,FALSE) -> El evento puede ocurrir en algún momento | R55: =VLOOKUP(Q55,$Q$1:$R$5,2,FALSE) -> Al menos de 1 vez en los últimos 5 años | S55: 5 | T55: =VLOOKUP(S55,$U$1:$V$5,2,FALSE) -> Catastrófico | U55: =VLOOKUP(T55,$V$1:$W$5,2,FALSE) -> Si el hecho llegara a presentarse, tendría desastrosas consecuencias o efectos sobre la entidad . | W55: Confidencialidad de la información | X55: INACEPTABLE E INTOLERABLE | Y55: 4 | Z55: =INDEX($AS$2:$AW$6,AA56,AB56) -> E: Zona de riesgo Extrema: Reducir el riesgo, evitar , compartir y transferir | AC55: PREVENTIVOS | AD55: PROBABILIDAD ( califique los criterios que le aplican ) | AN55: TOTAL PROBABILIDAD | AO55: Entre 76 - 100 | AP55: Entre 76 - 100 | AQ55: =VLOOKUP(AO55,$AN$9:$AO$11,2,FALSE) -> 2 | AR55: =VLOOKUP(AP55,$AN$9:$AO$11,2,FALSE) -> 2 | AS55: =O55-AQ55 -> 0 | AT55: =VLOOKUP(AS55,$O$1:$P$5,2,FALSE) -> #N/A | AU55: =VLOOKUP(AT55,$P$1:$Q$5,2,FALSE) -> #N/A | AV55: =VLOOKUP(AU55,$Q$1:$R$5,2,FALSE) -> #N/A | AW55: =S55-AR55 -> 3 | AX55: =VLOOKUP(AW55,$U$1:$V$5,2,FALSE) -> Moderado | AY55: =VLOOKUP(AX55,$V$1:$W$5,2,FALSE) -> Si el hecho llegara a presentarse, tendría medianas consecuencias o efectos sobre la entidad | BC55: =INDEX($AS$2:$AW$6,BA56,BB56) -> #N/A | BD55: Se puede determinar que con los controles existentes en la institución y según su valoración se disminuyen en la frecuencia de ocurrencia y en el impacto por consiguiente dan como resultado riesgos que en el momento no se materializan y que se controlan de manera efectiva. Nota: N/A significa que en la disminución de la calificación se sale de la matriz de calificación no alcanza un nivel medible. | BE55: 1.Campañas de sensibilización periódicas en el Código de ética y buen gobierno 2. Realizar en el proceso de empalme socialización y capacitación de la información confidencial que se maneja en el cargo. 3. Cumplir con los principios de coordinación y colaboración entre las diferentes dependencias de la institución. | BI55: Líder Gestión Humana Líder proceso de asuntos disciplinarios Líder macroproceso Jurídico | BK55: Semestral | BM55: 1 | BN55: 2 | BO55: 3 | BP55: 4
AA56: =MATCH(P55,$AR$2:$AR$6,0) -> 2 | AB56: =MATCH(T55,$AS$1:$AW$1,0) -> 5 | AC56: Realizar campañas para el cumplimiento de las políticas de confidencialidad de la Información. | AD56: Posee una herramienta para ejercer el control | AE56: 15 | AF56: Existen manuales, instructivos o procedimientos para el manejo de la herramienta | AG56: 15 | AH56: En el tiempo que lleva la herramienta ha demostrado ser efectiva. | AI56: 30 | AJ56: Están definidos los responsables de la ejecución del control y del seguimiento | AK56: 15 | AL56: La frecuencia de ejecución del control y seguimiento es adecuada. | AM56: 25 | AN56: =AE56+AG56+AI56+AK56+AM56 -> 100 | BA56: =MATCH(AT55,$AR$2:$AR$6,0) -> #N/A | BB56: =MATCH(AX55,$AS$1:$AW$1,0) -> 3 | BM56: Se realizan dos socializaciones por Gestión Humana en temas de atención al usuario Se puede observar en la página la acción preventiva realizada por el Procuradorpara la descentralización y las entidades territoriales de los Procesos de Empalme
AC57: CORRECTIVOS | AD57: IMPACTO ( califique los criterios que le aplican ) | AN57: TOTAL IMPACTO
AC58: Capacitación, inducción y re inducción en normatividad de confidencialidad aplicable. | AD58: Posee una herramienta para ejercer el control | AE58: 15 | AF58: Existen manuales, instructivos o procedimientos para el manejo de la herramienta | AG58: 0 | AH58: En el tiempo que lleva la herramienta ha demostrado ser efectiva. | AI58: 30 | AJ58: Están definidos los responsables de la ejecución del control y del seguimiento | AK58: 15 | AL58: La frecuencia de ejecución del control y seguimiento es adecuada. | AM58: 25 | AN58: =AE58+AG58+AI58+AK58+AM58 -> 85 | BM58: SEGUIMIENTOS
B59: 6 | C59: 40680 | D59: 42858 | E59: TODOS LOS PROCESOS | F59: Objetivo Estratégico 9: Mejorar el desempeño institucional a través de la gestión eficaz, eficiente y efectiva de los procesos internos para alcanzar la acreditación institucional. | G59: Profesional Especializado Gestión Documental Equipo SIG. Jefe Oficina Planeación y Desarrollo | H59: Falta de cumplimiento a los controles de entrega de cargo en el momento de desvinculación de funcionarios. Ausencia de políticas de seguridad de la información (Física y/o digital) Manejo inadecuado de la documentación. Falta de infraestructura con los niveles de seguridad normativos para los archivos. Falta de garantías para envió y recepción de información | I59: PERSONAS | J59: Hurto y pérdida de información Institucional | K59: Riesgo Estratégico | L59: Debido a la falta de cumplimiento en los controles de entrega de cargo en el momento de desvinculación de funcionarios, la ausencia de políticas de seguridad de la información, el manejo inadecuado de la documentación y la falta de infraestructura con los niveles de seguridad normativos para archivos, puede ocurrir el riesgo de robo y pérdida de información Institucional lo que ocasionaría perdida de la memoria institucional, mala imagen institucional y sanciones. | M59: Perdida de la memoria institucional Mala imagen institucional Sanciones | N59: CORRUPCION | O59: 2 | P59: =VLOOKUP(O59,$O$1:$P$5,2,FALSE) -> IMPROBABLE | Q59: =VLOOKUP(P59,$P$1:$Q$5,2,FALSE) -> El evento puede ocurrir en algún momento | R59: =VLOOKUP(Q59,$Q$1:$R$5,2,FALSE) -> Al menos de 1 vez en los últimos 5 años | S59: 4 | T59: =VLOOKUP(S59,$U$1:$V$5,2,FALSE) -> Mayor | U59: =VLOOKUP(T59,$V$1:$W$5,2,FALSE) -> Si el hecho llegara a presentarse, tendría altas consecuencias o efectos sobre la entidad | W59: Confidencialidad de la información | X59: INACEPTABLE E INTOLERABLE | Y59: 4 | Z59: =INDEX($AS$2:$AW$6,AA60,AB60) -> A: Zona de riesgo alta: Reducir el riesgo, Evitar, compartir o transferir | AC59: PREVENTIVOS | AD59: PROBABILIDAD ( califique los criterios que le aplican ) | AN59: TOTAL PROBABILIDAD | AO59: Entre 76 - 100 | AP59: Entre 0 - 50 | AQ59: =VLOOKUP(AO59,$AN$9:$AO$11,2,FALSE) -> 2 | AR59: =VLOOKUP(AP59,$AN$9:$AO$11,2,FALSE) -> 0 | AS59: =O59-AQ59 -> 0 | AT59: =VLOOKUP(AS59,$O$1:$P$5,2,FALSE) -> #N/A | AU59: =VLOOKUP(AT59,$P$1:$Q$5,2,FALSE) -> #N/A | AV59: =VLOOKUP(AU59,$Q$1:$R$5,2,FALSE) -> #N/A | AW59: =S59-AR59 -> 4 | AX59: =VLOOKUP(AW59,$U$1:$V$5,2,FALSE) -> Mayor | AY59: =VLOOKUP(AX59,$V$1:$W$5,2,FALSE) -> Si el hecho llegara a presentarse, tendría altas consecuencias o efectos sobre la entidad | BC59: =INDEX($AS$2:$AW$6,BA60,BB60) -> #N/A | BD59: Se puede determinar que con los controles existentes en la institución y según su valoración se disminuyen en la frecuencia de ocurrencia y en el impacto por consiguiente dan como resultado riesgos que en el momento no se materializan y que se controlan de manera efectiva. Nota: N/A significa que en la disminución de la calificación se sale de la matriz de calificación no alcanza un nivel medible. | BE59: 1. Sensibilizar en los procesos de inducción y re inducción acerca de los controles para entrega de cargos de los funcionarios. | BI59: 1. Líder macroproceso Gestión Humana | BK59: Semestral Primer semestre 2017 | BM59: 1 | BN59: 2 | BO59: 3 | BP59: 4
AA60: =MATCH(P59,$AR$2:$AR$6,0) -> 2 | AB60: =MATCH(T59,$AS$1:$AW$1,0) -> 4 | AC60: Sensibilización en el manejo de la documentación. | AD60: Posee una herramienta para ejercer el control | AE60: 15 | AF60: Existen manuales, instructivos o procedimientos para el manejo de la herramienta | AG60: 15 | AH60: En el tiempo que lleva la herramienta ha demostrado ser efectiva. | AI60: 30 | AJ60: Están definidos los responsables de la ejecución del control y del seguimiento | AK60: 15 | AL60: La frecuencia de ejecución del control y seguimiento es adecuada. | AM60: 25 | AN60: =AE60+AG60+AI60+AK60+AM60 -> 100 | BA60: =MATCH(AT59,$AR$2:$AR$6,0) -> #N/A | BB60: =MATCH(AX59,$AS$1:$AW$1,0) -> 4 | BM60: Se ha participado en las socialización en los procesos de inducción y reinducción en temas puntuales de la normatividad aplicable a los funcionarios públicos, evidencias reposan en el proceso de gestión humana ( registros de asistencia).
AC61: CORRECTIVOS | AD61: IMPACTO ( califique los criterios que le aplican ) | AN61: TOTAL IMPACTO
AC62: N/A | AD62: Posee una herramienta para ejercer el control | AE62: 0 | AF62: Existen manuales, instructivos o procedimientos para el manejo de la herramienta | AG62: 0 | AH62: En el tiempo que lleva la herramienta ha demostrado ser efectiva. | AI62: 0 | AJ62: Están definidos los responsables de la ejecución del control y del seguimiento | AK62: 0 | AL62: La frecuencia de ejecución del control y seguimiento es adecuada. | AM62: 0 | AN62: =AE62+AG62+AI62+AK62+AM62 -> 0 | BM62: SEGUIMIENTOS
B63: 7 | C63: 40680 | D63: 42858 | E63: GESTIÓN JURÍDICA | F63: Objetivo Estratégico 9: Mejorar el desempeño institucional a través de la gestión eficaz, eficiente y efectiva de los procesos internos para alcanzar la acreditación institucional. | G63: Profesional especializado área gestión jurídica (Líder del macroproceso) Profesional líder del proceso de asuntos disciplinarios profesional líder del proceso de secretaria general Profesionales Personal de apoyo Técnico operativo . Equipo SIG | H63: Fallos amañados. Dilación de procesos con el propósito de obtener el vencimiento de términos o la prescripción del mismo. Desconocimiento de la ley, mediante interpretaciones subjetivas de las normas vigentes para evitar o postergar su aplicación. Exceder las facultades legales en los fallos. soborno (cohecho). Decisiones ajustadas a intereses particulares. tráfico de influencias (amiguismo, persona influyente). Cobro por realización de tramites (concusión). Dilación en los procesos de segunda instancia Régimen de inhabilidades e incompatibilidades de los servidores públicos Recusaciones | I63: PERSONAS | J63: Manipulación de evidencias | K63: Riesgo financiero | L63: Debido a la acción u omisión, mediante el uso indebido de poder, de los recursos o de la información, desconocimiento de la ley, decisiones ajustadas a intereses particulares, puede ocurrir un riesgo de corrupción de manipulación de evidencias, lo que ocasionaría lesiones en los intereses de una entidad y en consecuencia del estado, para obtener un beneficio en particular esto ocasionaría , mala imagen , perdida de credibilidad y sanciones | M63: Mala imagen institucional Sanciones Multas Destituciones, suspensiones y/o privación de la libertad | N63: CORRUPCION | O63: 2 | P63: =VLOOKUP(O63,$O$1:$P$5,2,FALSE) -> IMPROBABLE | Q63: =VLOOKUP(P63,$P$1:$Q$5,2,FALSE) -> El evento puede ocurrir en algún momento | R63: =VLOOKUP(Q63,$Q$1:$R$5,2,FALSE) -> Al menos de 1 vez en los últimos 5 años | S63: 4 | T63: =VLOOKUP(S63,$U$1:$V$5,2,FALSE) -> Mayor | U63: =VLOOKUP(T63,$V$1:$W$5,2,FALSE) -> Si el hecho llegara a presentarse, tendría altas consecuencias o efectos sobre la entidad | W63: Legal | X63: INACEPTABLE E INTOLERABLE | Y63: 5 | Z63: =INDEX($AS$2:$AW$6,AA64,AB64) -> A: Zona de riesgo alta: Reducir el riesgo, Evitar, compartir o transferir | AC63: PREVENTIVOS | AD63: PROBABILIDAD ( califique los criterios que le aplican ) | AN63: TOTAL PROBABILIDAD | AO63: Entre 76 - 100 | AP63: Entre 0 - 50 | AQ63: =VLOOKUP(AO63,$AN$9:$AO$11,2,FALSE) -> 2 | AR63: =VLOOKUP(AP63,$AN$9:$AO$11,2,FALSE) -> 0 | AS63: =O63-AQ63 -> 0 | AT63: =VLOOKUP(AS63,$O$1:$P$5,2,FALSE) -> #N/A | AU63: =VLOOKUP(AT63,$P$1:$Q$5,2,FALSE) -> #N/A | AV63: =VLOOKUP(AU63,$Q$1:$R$5,2,FALSE) -> #N/A | AW63: =S63-AR63 -> 4 | AX63: =VLOOKUP(AW63,$U$1:$V$5,2,FALSE) -> Mayor | AY63: =VLOOKUP(AX63,$V$1:$W$5,2,FALSE) -> Si el hecho llegara a presentarse, tendría altas consecuencias o efectos sobre la entidad | BC63: =INDEX($AS$2:$AW$6,BA64,BB64) -> #N/A | BD63: Se puede determinar que con los controles existentes en la institución y según su valoración se disminuyen en la frecuencia de ocurrencia y en el impacto por consiguiente dan como resultado riesgos que en el momento no se materializan y que se controlan de manera efectiva. Nota: N/A significa que en la disminución de la calificación se sale de la matriz de calificación no alcanza un nivel medible. | BE63: 1. Socialización del contenido de la Ley 734 de 2002, ley 1474 de 2011 ( Estatuto Anticorrupción. 2. Socialización del código del buen gobierno, junto con los protocolos éticos y bioéticos de la institución, con los funcionarios responsables. | BI63: Líder proceso de control asuntos disciplinarios Líder de macroproceso Gestión Jurídica | BK63: 1. Permanente 2. Semestral | BM63: 1 | BN63: 2 | BO63: 3 | BP63: 4
AA64: =MATCH(P63,$AR$2:$AR$6,0) -> 2 | AB64: =MATCH(T63,$AS$1:$AW$1,0) -> 4 | AC64: Capacitación, inducción y re inducción en normatividad aplicable | AD64: Posee una herramienta para ejercer el control | AE64: 15 | AF64: Existen manuales, instructivos o procedimientos para el manejo de la herramienta | AG64: 15 | AH64: En el tiempo que lleva la herramienta ha demostrado ser efectiva. | AI64: 30 | AJ64: Están definidos los responsables de la ejecución del control y del seguimiento | AK64: 15 | AL64: La frecuencia de ejecución del control y seguimiento es adecuada. | AM64: 25 | AN64: =AE64+AG64+AI64+AK64+AM64 -> 100 | BA64: =MATCH(AT63,$AR$2:$AR$6,0) -> #N/A | BB64: =MATCH(AX63,$AS$1:$AW$1,0) -> 4 | BM64: Se han realizado capacitaciones en temas del régimen disciplinario, capacitación estudiantes, inhabilidades, incompatibilidades y prohibiciones del servidor público. Acciones de repetición. Se realizó impresión del boletín disciplinario. Inducción nuevo Código de Policía. Instrucciones calidad del servicio, contrato de vigilancia y seguridad (Febrero 13 de 2017). Y realizaciones de acciones Preventivas enviando memorando generales y actualización de temas en la página web.
AC65: CORRECTIVOS | AD65: IMPACTO ( califique los criterios que le aplican ) | AN65: TOTAL IMPACTO
AD66: Posee una herramienta para ejercer el control | AE66: 0 | AF66: Existen manuales, instructivos o procedimientos para el manejo de la herramienta | AG66: 0 | AH66: En el tiempo que lleva la herramienta ha demostrado ser efectiva. | AI66: 0 | AJ66: Están definidos los responsables de la ejecución del control y del seguimiento | AK66: 0 | AL66: La frecuencia de ejecución del control y seguimiento es adecuada. | AM66: 0 | AN66: =AE66+AG66+AI66+AK66+AM66 -> 0 | BM66: SEGUIMIENTOS
B67: 8 | D67: 42858 | E67: Administración del campus ( Piscinas) Granja Bengala Centro de Salud Bienestar Institucional | F67: Objetivo Estratégico 9: Mejorar el desempeño institucional a través de la gestión eficaz, eficiente y efectiva de los procesos internos para alcanzar la acreditación institucional. | G67: Profesional especializado Administración del Campus Líder macroproceso Administración del Campus Jefe oficina Asesora de Planeación y desarrollo Líder del macroproceso financiero Profesional especializado Bienestar Institucional | H67: Intercambio de favores. Discrecionalidad en la toma de decisiones para favorecer intereses particulares. Elaborar informes amañados para favorecer intereses particulares. Emitir información de venta de servicios o productos para legalizar dinero. Pérdida de información física por la venta de un servicio o producto. Ausencia de medidas de seguridad, custodia y/o aseguramiento de la información. Desconocimiento por ingresos a la institución Exposición de archivos, soportes o documentos en lugares que no ofrecen seguridad. Desconocimiento de la normatividad. Omisión de procedimientos legales e internos ausencia de moralidad publica. Rompimiento de la cadena de custodia Falta de acciones de sensibilización de ética institucional. Deficiencia en la supervisión, monitoreo y proceso auditor. Falta de controles en el proceso de venta de servicios y productos. Compañerismo o cercanía solicitar anticipos con documentos soportes no legales. Falta de controles para evidenciar los gastos destinados a un objetivo en especifico. Falta de control de los responsables de los procesos sobre las operaciones y las personas o desconocimiento de los procedimientos institucionales. | I67: PERSONAS | J67: Apropiación de dinero por venta de servicio, productos y/o anticipos , utilización de activos institucionales para beneficio propio | K67: Riesgo financiero | L67: Debido a la acción u omisión, mediante el uso indebido de poder, de los recursos de la institución, discrecionalidad en la toma de decisiones para favorecer intereses particulares, emitir información en la venta de servicios, productos y utilización de anticipos puede ocurrir un riesgo de corrupción de apropiación de dinero lo que ocasionaría lesiones en los intereses de una entidad y en consecuencia del estado, para obtener un beneficio en particular esto ocasionaría , mala imagen , pérdida de credibilidad y sanciones. | M67: Mala imagen institucional, sanciones , multas , Destituciones , suspensiones Afectación de los recursos públicos información no veraz de venta de servicios y productos transacciones fraudulentas | N67: CORRUPCION | O67: 2 | P67: =VLOOKUP(O67,$O$1:$P$5,2,FALSE) -> IMPROBABLE | Q67: =VLOOKUP(P67,$P$1:$Q$5,2,FALSE) -> El evento puede ocurrir en algún momento | R67: =VLOOKUP(Q67,$Q$1:$R$5,2,FALSE) -> Al menos de 1 vez en los últimos 5 años | S67: 5 | T67: =VLOOKUP(S67,$U$1:$V$5,2,FALSE) -> Catastrófico | U67: =VLOOKUP(T67,$V$1:$W$5,2,FALSE) -> Si el hecho llegara a presentarse, tendría desastrosas consecuencias o efectos sobre la entidad . | W67: Legal | X67: INACEPTABLE E INTOLERABLE | Y67: 5 | Z67: =INDEX($AS$2:$AW$6,AA68,AB68) -> E: Zona de riesgo Extrema: Reducir el riesgo, evitar , compartir y transferir | AC67: PREVENTIVOS | AD67: PROBABILIDAD ( califique los criterios que le aplican ) | AN67: TOTAL PROBABILIDAD | AO67: Entre 76 - 100 | AP67: Entre 76 - 100 | AQ67: =VLOOKUP(AO67,$AN$9:$AO$11,2,FALSE) -> 2 | AR67: =VLOOKUP(AP67,$AN$9:$AO$11,2,FALSE) -> 2 | AS67: =O67-AQ67 -> 0 | AT67: =VLOOKUP(AS67,$O$1:$P$5,2,FALSE) -> #N/A | AU67: =VLOOKUP(AT67,$P$1:$Q$5,2,FALSE) -> #N/A | AV67: =VLOOKUP(AU67,$Q$1:$R$5,2,FALSE) -> #N/A | AW67: =S67-AR67 -> 3 | AX67: =VLOOKUP(AW67,$U$1:$V$5,2,FALSE) -> Moderado | AY67: =VLOOKUP(AX67,$V$1:$W$5,2,FALSE) -> Si el hecho llegara a presentarse, tendría medianas consecuencias o efectos sobre la entidad | BC67: =INDEX($AS$2:$AW$6,BA68,BB68) -> #N/A | BD67: Se puede determinar que con los controles existentes en la institución y según su valoración se disminuyen en la frecuencia de ocurrencia y en el impacto por consiguiente dan como resultado riesgos que en el momento no se materializan y que se controlan de manera efectiva. Nota: N/A significa que en la disminución de la calificación se sale de la matriz de calificación no alcanza un nivel medible. | BE67: 1. Fomentar entre los usuarios de los diferentes servicios institucionales, la exigencia de la expedición y entrega del respectivo recibo. 2. Elaboración de volantes, medios de comunicación institucional y afiche informativo con tarifas. 3. Elaboración de cartel donde se especifiquen los valores de la entrada a piscina por los diferentes usuarios. 4. FORMATO REPORTE SEMANAL BOLETAS DE PISCINA - CODIGO: A.GBI-F.02. . | BG67: Pendiente solicitud de cotización de publicaciones. Transporte Institucional para las visitas que lo requieran. | BI67: . Segundo Semestre 2017. | BK67: Juan Carlos Duque Ortiz Gloria Patricia Villa Montoya. Proceso de planeación Planeación física Natalia Jaramillo Robledo | BM67: 1 | BN67: 2 | BO67: 3 | BP67: 4
AA68: =MATCH(P67,$AR$2:$AR$6,0) -> 2 | AB68: =MATCH(T67,$AS$1:$AW$1,0) -> 5 | AC68: Numeración consecutiva de recibos. Facturación o recibo de entrega al usuario. Auditorias del proceso por parte del proceso de Evaluación y seguimiento (Control interno). Formatos para evidenciar cantidad y valor de venta. Exigencia de los soportes de gastos para legalizar anticipos. | AD68: Posee una herramienta para ejercer el control | AE68: 15 | AF68: Existen manuales, instructivos o procedimientos para el manejo de la herramienta | AG68: 15 | AH68: En el tiempo que lleva la herramienta ha demostrado ser efectiva. | AI68: 30 | AJ68: Están definidos los responsables de la ejecución del control y del seguimiento | AK68: 15 | AL68: La frecuencia de ejecución del control y seguimiento es adecuada. | AM68: 25 | AN68: =AE68+AG68+AI68+AK68+AM68 -> 100 | BA68: =MATCH(AT67,$AR$2:$AR$6,0) -> #N/A | BB68: =MATCH(AX67,$AS$1:$AW$1,0) -> 3 | BM68: Se implementa acción preventiva A.GBI-F.02 Formato reporte semanal boletas piscina. El cual tiene como función realizar un seguimiento de los ingresos de la piscina de acuerdo a los diferentes precios de ingreso por usuario. El formato se encuentra vinculado en la pagina de la institución en el macroproceso Gestión de Bienestar institucional Se evidencia solicitud de elaboración de afiche con los precios con las tarifas por usuarios, es de aclarar que la piscina no se encuentra en uso.
AC69: CORRECTIVOS | AD69: IMPACTO ( califique los criterios que le aplican ) | AN69: TOTAL IMPACTO
AC70: Dar traslado a la autoridad competente para determinar la gravedad de la conducta. | AD70: Posee una herramienta para ejercer el control | AE70: 15 | AF70: Existen manuales, instructivos o procedimientos para el manejo de la herramienta | AG70: 15 | AH70: En el tiempo que lleva la herramienta ha demostrado ser efectiva. | AI70: 30 | AJ70: Están definidos los responsables de la ejecución del control y del seguimiento | AK70: 15 | AL70: La frecuencia de ejecución del control y seguimiento es adecuada. | AM70: 25 | AN70: =AE70+AG70+AI70+AK70+AM70 -> 100

Sheet Evaluación_Respuesta.
C3: IMPACTO
B4: PROBABILIDAD | C4: 1 (INSIGNIFICANTE) | D4: 2 (MENOR) | E4: 3 (MODERADO) | F4: 4 (MAYOR) | G4: 5 (CATASTROFICO)
B5: RARO (1) | C5: B | D5: B | E5: M | F5: A | G5: A
B6: IMPROBABLE (2) | C6: B | D6: B | E6: M | F6: A | G6: E
B7: POSIBLE (3) | C7: B | D7: M | E7: A | F7: E | G7: E
B8: PROBABLE (4) | C8: M | D8: A | E8: A | F8: E | G8: E
B9: CASI SEGURO (5) | C9: A | D9: A | E9: E | F9: E | G9: E
B12: COLOR | C12: EVALUACION | D12: RESPUESTA A LOS RIESGOS
B13: AZUL ( B) | C13: Zona de riesgo baja | D13: Asumir el riesgo
B14: AMARILLO ( M) | C14: Zona de riesgo moderada | D14: Asumir el riesgo, reducir el riesgo
B15: NARANJA ( A) | C15: Zona de riesgo alta | D15: Reducir el riesgo, Evitar, Compartir o transferir
B16: ROJO ( E) | C16: Zona de riesgo extrema | D16: Reducir el riesgo, Evitar, Compartir o transferir

Sheet Tipo_impacto 
C3: IMPACTO DE CONFIENCIALIDAD DE LA INFORMACION
C5: NIVEL | D5: CONCEPTO
C6: 1 | D6: PERSONAL
C7: 2 | D7: GRUPO DE TRABAJO
C8: 3 | D8: RELATIVA AL PROCESO
C9: 4 | D9: INSTITUCIONAL
C10: 5 | D10: ESTRATEGICA
C12: IMPACTO DE CREDIBILIDAD O IMAGEN
C14: NIVEL | D14: CONCEPTO
C15: 1 | D15: GRUPO DE FUNCIONARIOS
C16: 2 | D16: TODOS LOS FUNCIONARIOS
C17: 3 | D17: USUARIOS DE LA CIUDAD
C18: 4 | D18: USUARIOS REGION
C19: 5 | D19: USUARIOS PAIS
C21: IMPACTO DE LEGAL
C23: NIVEL | D23: CONCEPTO
C24: 1 | D24: MULTAS
C25: 2 | D25: DEMANDAS
C26: 3 | D26: INVESTIGACION DISCIPLINARIA
C27: 4 | D27: INVESTIGACION FISCAL
C28: 5 | D28: INTERVENCION - SANCION
C30: IMPACTO OPERATIVO
C32: NIVEL | D32: CONCEPTO
C33: 1 | D33: AJUSTES A UNA ACTIVIDAD CONCRETA
C34: 2 | D34: CAMBIOS EN PROCEDIMIENTOS
C35: 3 | D35: CAMBIOS EN LA INTERACCION DE LOS PROCESOS
C36: 4 | D36: IINTERMITENCIA EN EL SERVICIO
C37: 5 | D37: PARO TOTAL DEL PROCESO

Sheet GRAFICA 
A27: N° | B27: FECHA REGISTRO (dd/mm/aaaa) | C27: CALIFICACION DE LA PROBABILIDAD | D27: CALIFICACION DEL IMPACTO | E27: VALOR Y UBICACIÓN DEL RIESGO EN LA MATRIZ = PROBABILIDAD X IMPACTO | F27: SEMAFORIZACION | G27: ANALISIS Y OBSERVACIONES DEL COMPORTAMIENTO DEL RIESGO
A28: 1 | B28: =matriz_riesgos_macroprocesos!D39 -> 42858 | C28: =matriz_riesgos_macroprocesos!AS39 -> -1 | D28: =matriz_riesgos_macroprocesos!AW39 -> 2 | E28: =C28*D28 -> -2 | F28: =matriz_riesgos_macroprocesos!BC39 -> #N/A
A29: 2 | B29: =matriz_riesgos_macroprocesos!D43 -> 42858 | C29: =matriz_riesgos_macroprocesos!AS43 -> -1 | D29: =matriz_riesgos_macroprocesos!AW43 -> 4 | E29: =C29*D29 -> -4 | F29: =matriz_riesgos_macroprocesos!BC43 -> #N/A
A30: 3 | B30: =matriz_riesgos_macroprocesos!D47 -> 42858 | C30: =matriz_riesgos_macroprocesos!AS47 -> 0 | D30: =matriz_riesgos_macroprocesos!AW47 -> 4 | E30: =C30*D30 -> 0 | F30: =matriz_riesgos_macroprocesos!BC47 -> #N/A
A31: 4 | B31: =matriz_riesgos_macroprocesos!D51 -> 42858 | C31: =matriz_riesgos_macroprocesos!AS51 -> 0 | D31: =matriz_riesgos_macroprocesos!AW51 -> 5 | E31: =C31*D31 -> 0 | F31: =matriz_riesgos_macroprocesos!BC51 -> #N/A
A32: 5 | B32: =matriz_riesgos_macroprocesos!D51 -> 42858 | C32: =matriz_riesgos_macroprocesos!AS55 -> 0 | D32: =matriz_riesgos_macroprocesos!AW55 -> 3 | E32: =C32*D32 -> 0 | F32: =matriz_riesgos_macroprocesos!BC55 -> #N/A
A33: 6 | B33: =matriz_riesgos_macroprocesos!D59 -> 42858 | C33: =matriz_riesgos_macroprocesos!AS59 -> 0 | D33: =matriz_riesgos_macroprocesos!AW59 -> 4 | E33: =C33*D33 -> 0 | F33: =matriz_riesgos_macroprocesos!BC59 -> #N/A
A34: 7 | B34: =matriz_riesgos_macroprocesos!D63 -> 42858 | C34: =matriz_riesgos_macroprocesos!AS63 -> 0 | D34: =matriz_riesgos_macroprocesos!AW63 -> 4 | E34: =C34*D34 -> 0 | F34: =matriz_riesgos_macroprocesos!BC63 -> #N/A
A37: B: Zona de riesgo baja: Asumir el riesgo
A38: M: Zona de riesgo moderado: Asumir el riesgo, Reducir el riesgo
A39: A: Zona de riesgo alta: Reducir el riesgo, Evitar, compartir o transferir
A40: E: Zona de riesgo Extrema: Reducir el riesgo, evitar , compartir y transferir
